 Dungeon Crawl Stone Soup version 0.30-a0-1104-g706747fef1 (webtiles) character file.

Game seed: 10302666418035549782

3734 Ijustatesigmund the Thaumaturge (level 9, -3/45 HPs)
             Began as a Deep Elf Conjurer on Apr 19, 2023.
             Slain by a wyvern (14 damage)
             ... on level 7 of the Dungeon.
             The game lasted 00:24:11 (9694 turns).

Ijustatesigmund the Thaumaturge (Deep Elf Conjurer) Turns: 9694, Time: 00:24:11

Health: -3/45      AC:  7    Str:  4    XL:     9   Next: 92%
Magic:  7/25       EV: 13    Int: 28    God:
Gold:   260        SH:  0    Dex: 19    Spells: 17/28 levels left

rFire   . . .      SeeInvis .    z - +0 shortbow
rCold   + . .      Faith    .    (shield currently unavailable)
rNeg    + . .      Spirit   .    a - +0 steam dragon scales of Hopscotch {rN+ rCorr}
rPois   .          Reflect  .    (no helmet)
rElec   .          Rampage  .    j - +0 cloak
rCorr   +                        g - +0 pair of gloves
Will    .....                    (no boots)
Stlth   ++                       (no amulet)
HPRegen 0.27/turn                l - ring of protection from cold
MPRegen 0.19/turn                n - +6 ring of dexterity

@: no status effects
A: no striking features
a: no special abilities


You were on level 7 of the Dungeon.
You visited 2 branches of the dungeon, and saw 11 of its levels.
You also visited: Sewer and Bailey.

You collected 390 gold pieces.
You spent 130 gold pieces at shops.

Inventory:

Hand Weapons
 c - a +0 trident
 e - a +1 sling
 k - a +3 quarterstaff of chaos
 z - a +0 shortbow (weapon)
Armour
 a - the +0 steam dragon scales of Hopscotch (worn) {rN+ rCorr}
   (You took it off a kobold in a bailey)

   rN:        It protects you from negative energy.
   rCorr:     It protects you from acid and corrosion.
 g - a +0 pair of gloves (worn)
 j - a +0 cloak (worn)
Magical Staves
 s - a staff of earth
Jewellery
 i - the ring of Suspicion {rElec Int-4 Dex+6 Stlth+}
   (You found it on level 2 of the Dungeon)

   [ring of dexterity]

   Int:       It affects your intelligence (-4).
   Dex:       It affects your dexterity (+6).
   rElec:     It insulates you from electricity.
   Stlth:     It makes you more stealthy.
 l - a ring of protection from cold (left hand)
 n - a +6 ring of dexterity (right hand)
 w - a ring of positive energy
Wands
 d - a wand of iceblast (8)
 q - a wand of polymorph (5)
 x - a wand of paralysis (1)
 A - a wand of digging (4)
Scrolls
 y - a scroll of teleportation
 D - a scroll of enchant armour
 E - a scroll of identify
 F - a scroll of enchant weapon
Potions
 b - 2 potions of magic
 f - a potion of haste
 h - 3 potions of curing
 m - a potion of heal wounds
 o - a potion of cancellation
 p - 2 potions of might
 r - 6 potions of flight
 t - 2 potions of invisibility
 u - a potion of ambrosia
 v - 2 potions of lignification
 B - a potion of mutation
 C - 2 potions of brilliance {unknown}


   Skills:
 - Level 4.8 Ranged Weapons
 - Level 2.4 Dodging
 - Level 2.4 Stealth
 + Level 10.3 Spellcasting
 + Level 8.4 Conjurations
 + Level 7.5 Translocations
 + Level 6.2 Fire Magic
 + Level 2.4 Evocations


You had 17 spell levels left.
You knew the following spells:

 Your Spells              Type           Power      Damage    Failure   Level
a - Magic Dart            Conj           100%       1d8       1%          1
b - Searing Ray           Conj           100%       2d8       1%          2
c - Iskenderun's Mystic   Conj/Tloc      56%        2d12      1%          4
d - Flame Wave            Conj/Fire      53%        2d13      1%          4

Your spell library contained the following spells:

 Spells                   Type           Power      Damage    Failure   Level
 Dazzling Flash           Conj/Hex       76%        N/A       1%          3
 Hailstorm                Conj/Ice       38%        3d9       1%          3
 Freeze                   Ice            56%        1d7       4%          1
 Sting                    Tmut/Pois      56%        1d5       4%          1
 Poisonous Vapours        Pois/Air       28%        N/A       6%          2
 Fulminant Prism          Conj/Hex       19%        3d10      7%          4
 Frozen Ramparts          Ice            28%        1d5       12%         3
 Olgreb's Toxic Radiance  Pois           14%        N/A       36%         4


Dungeon Overview and Level Annotations

Branches:
Dungeon (10/15)            Temple (1/1) D:4           Sewer (visited)
 Bailey (visited)
   Lair: D:8-11         Orc: D:9-12

Altars:
Ashenzari
Okawaru
Qazlal
Uskayaw
Yredelemnul
Zin
The Shining One

Shops:
D:4 :

Annotations:
D:9 Harold


Message History

The orc warrior is knocked back by the mystic blast.
The orc warrior slams into the rock wall!
The mystic blast hits the orc!!
You kill the orc!
You hear an angry hiss.
A wyvern comes into view.
Casting: Iskenderun's Mystic Blast (dangerous; 1% risk of failure)
Confirm with . or Enter, or press ? or * to list all spells.
You erupt in a blast of force!
The mystic blast hits the orc warrior!!
You kill the orc warrior!
The wyvern hisses angrily.
The wyvern hisses menacingly.
You shoot an arrow. The arrow completely misses the wyvern.
The wyvern bites you!
Unknown command.
Casting: Iskenderun's Mystic Blast (dangerous; 1% risk of failure)
Confirm with . or Enter, or press ? or * to list all spells.
You erupt in a blast of force!
The mystic blast hits the wyvern!
The wyvern is moderately wounded.
The wyvern misses you. The wyvern bites you! The wyvern bites you.
* * * LOW HITPOINT WARNING * * *
Casting: Iskenderun's Mystic Blast (dangerous; 1% risk of failure)
Confirm with . or Enter, or press ? or * to list all spells.
You erupt in a blast of force!
The mystic blast hits the wyvern.
The wyvern is moderately wounded.
The wyvern is knocked back by the mystic blast.
The wyvern slams into the rock wall!
The wyvern is severely wounded.
The wyvern misses you. The wyvern bites you.
* * * LOW HITPOINT WARNING * * *
Casting: Iskenderun's Mystic Blast (dangerous; 1% risk of failure)
Confirm with . or Enter, or press ? or * to list all spells.
You erupt in a blast of force!
The mystic blast hits the wyvern!
The wyvern is almost dead.
The wyvern is knocked back by the mystic blast.
The wyvern slams into the rock wall!
The wyvern is almost dead.
The wyvern bites you!
You die...

##.....#.#. #.
##...##.#. #.
##.###.#. #.
#......#. #.#
#.######. #.. #.#
# #.) ######.#
.####.)####.....>#
......)@....######
#####.l###### #..
#.. #.# .. ###


You could see a wyvern.

Vanquished Creatures
  A shadow (D:6)
  A steam dragon (D:9)
  Duvessa (D:5)
  A water moccasin (D:7)
  8 orc warriors
  An ice beast (D:6)
  2 black bears (D:6)
  A sky beast (D:6)
  2 ogres (D:6)
  A centaur (D:6)
  2 phantoms
  3 bullfrogs
  3 kobold brigands (Sewer)
  Dowan (D:5)
  6 killer bees
  6 hounds
  A jelly (D:6)
  3 orc priests
  Crazy Yiuf (D:2)
  A sleepcap (D:5)
  6 orc wizards
  Natasha (thrice) (D:2)
  4 iguanas
  A gnoll (Bailey)
  11 adders
  7 river rats (Sewer)
  A shadow imp (D:6)
  A white imp (D:6)
  An ufetubus (D:6)
  2 worms (D:2)
  2 dart slugs
  20 orcs
  5 bats
  3 endoplasms
  3 giant cockroaches
  7 goblins
  15 hobgoblins
  5 jackals
  2 quokkas (D:1)
  10 ball pythons
  2 frilled lizards
  31 kobolds
  23 rats
211 creatures vanquished.

Notes
Turn   | Place    | Note
-------+----------+-------------------------------------------
     0 | D:1      | Ijustatesigmund the Deep Elf Conjurer began the quest for
                  | the Orb.
     0 | D:1      | Reached XP level 1. HP: 10/10 MP: 6/6
   363 | D:1      | Reached XP level 2. HP: 15/15 MP: 5/8
   366 | D:1      | Learned a level 2 spell: Searing Ray
  1049 | D:2      | Identified the ring of Suspicion {rElec Int-4 Dex+6 Stlth+}
  1073 | D:2      | Reached skill level 4 in Spellcasting
  1073 | D:2      | Reached skill level 5 in Conjurations
  1073 | D:2      | Reached XP level 3. HP: 19/19 MP: 6/10
  1224 | D:2      | Found a runed translucent door.
  1225 | D:2      | Noticed Crazy Yiuf
  1231 | D:2      | Killed Crazy Yiuf
  1456 | D:2      | Reached XP level 4. HP: 24/24 MP: 9/12
  1657 | D:2      | Learned a level 4 spell: Iskenderun's Mystic Blast
  1675 | D:2      | Noticed Natasha
  1680 | D:2      | Killed Natasha
  1681 | D:2      | Reached skill level 1 in Ranged Weapons
  1831 | D:2      | Noticed Natasha
  1835 | D:2      | Killed Natasha
  1836 | D:2      | Reached skill level 5 in Spellcasting
  1836 | D:2      | Reached skill level 1 in Translocations
  1865 | D:2      | Noticed Natasha
  1868 | D:2      | Killed Natasha
  1869 | D:2      | Reached XP level 5. HP: 24/28 MP: 8/14
  2684 | D:3      | Found a stormy altar of Qazlal.
  2801 | D:4      | Found a hide-covered altar of Uskayaw.
  2813 | D:4      | Reached XP level 6. HP: 32/32 MP: 13/16
  2904 | D:4      | Found a glowing drain.
  2913 | Sewer    | Entered a sewer
  3022 | Sewer    | Reached skill level 6 in Spellcasting
  3485 | Sewer    | Reached XP level 7. HP: 36/36 MP: 15/18
  4031 | D:4      | Found Wuhimet's Tiny Tomes.
  4036 | D:4      | Bought Ketaj's Vellum of Kinetic Energy for 130 gold pieces
  4041 | D:4      | Learned a level 4 spell: Flame Wave
  4072 | D:4      | Reached skill level 7 in Spellcasting
  4292 | D:4      | Found a staircase to the Ecumenical Temple.
  4633 | D:4      | Reached skill level 1 in Fire Magic
  4721 | D:4      | Found a broken altar of Ashenzari.
  4897 | Temple   | Entered the Ecumenical Temple
  4955 | D:5      | Entered Level 5 of the Dungeon
  5290 | D:5      | Noticed Dowan
  5307 | D:5      | Killed Dowan
  5444 | D:5      | Noticed Duvessa
  5536 | D:5      | Killed Duvessa
  5537 | D:5      | Reached XP level 8. HP: 25/41 MP: 0/21
  5659 | D:5      | Reached skill level 5 in Translocations
  6230 | D:5      | Reached skill level 8 in Spellcasting
  7444 | D:6      | Reached skill level 9 in Spellcasting
  7444 | D:6      | Reached XP level 9. HP: 45/45 MP: 14/24
  7905 | D:6      | Found a glowing silver altar of Zin.
  7930 | D:6      | Reached skill level 5 in Fire Magic
  8178 | D:7      | Found a glowing golden altar of the Shining One.
  8192 | D:7      | Found an iron altar of Okawaru.
  8260 | D:7      | You fall into a shaft and drop 3 floors!
  8260 | D:10     | Entered Level 10 of the Dungeon
  8300 | D:10     | Noticed a two-headed ogre
  8606 | D:9      | Noticed Harold
  8624 | D:8      | Found a flagged portal.
  8633 | Bailey   | Entered a bailey
  8712 | Bailey   | Identified the +0 steam dragon scales of Hopscotch {rN+
                  | rCorr}
  8808 | Bailey   | Reached skill level 1 in Evocations
  8920 | Bailey   | Reached skill level 10 in Spellcasting
  9694 | D:7      | Slain by a wyvern

Illustrated notes

Levels and vault maps discovered:
D:1:      scummos_arrival_forest, layout_loops_ring, minmay_misc_feat_x,
          wander_ebering_terrifying_dragon_lair
D:2:      layout_basic, serial_park_tiny_pond, uniq_crazy_yiuf_cottage,
          uniq_natasha
D:3:      layout_basic, marbit_many_paths
D:4:      layout_cave_pods, eat_drink_and_be_merry_uskayaw,
          overflow_temple_1_default, minmay_temple_entry_junction,
          portal_sewer_entry_d, nicolae_shop_i_like_small_books_too
D:5:      layout_loops_ring, uniq_duvessa
D:6:      minmay_inner_zag, layout_rooms, zin_academy,
          hellmonk_bongcloud_opening
D:7:      layout_loops_ring, grunt_temple_overflow_magic_moments,
          okawaru_gym_becter, mainiacjoe_overflow_tiny_flanked,
          kennysheep_diamond, hex_large, corexii_leaking_fountain
D:8:      layout_basic, amcnicky_altar_gilded, general_overflow_altar,
          enter_bailey_6
D:9:      layout_gridville, mainiacjoe_overflow_small_starburst,
          lightli_orcish_oven, uniq_harold
D:10:     layout_rooms, mainiacjoe_overflow_catwalk, trog_antimagical,
          nicolae_overflow_hallway_of_the_gods, minivault_24
Temple:   ebering_the_one_and_only

Skill      XL: |  1  2  3  4  5  6  7  8  9 |
---------------+----------------------------+-----
Spellcasting   | 4 5 6 7 9 10 | 10.3
Conjurations   | 5 6 7 8 |  8.4
Ranged Weapons | 1 3 4 |  4.8
Translocations | 1 2 3 4 6 7 |  7.5
Fire Magic     | 2 4 6 |  6.2
Evocations     | 2 |  2.4
Dodging        | |  2.4
Stealth        | |  2.4

Action                     |  1- 3 |  4- 6 |  7- 9 || total
---------------------------+-------+-------+-------++-------
  Melee: Short sword       |     5 |       |       ||     5
         Trident           |     2 |       |       ||     2
   Fire: Sling             |       |   138 |   153 ||   291
         Shortbow          |       |       |   116 ||   116
   Cast: Magic Dart        |    45 |    13 |     7 ||    65
         Searing Ray       |     2 |    24 |    15 ||    41
         Iskenderun's Myst |       |       |    84 ||    84
  Evoke: Wand              |       |       |     4 ||     4
    Use: Scroll            |     5 |     8 |     9 ||    22
         Potion            |       |       |     3 ||     3
   Stab: Sleeping          |     1 |       |       ||     1
 Armour: Robe              |       |    18 |    14 ||    32
         Steam dragon scal |       |       |     1 ||     1
  Dodge: Dodged            |     3 |    36 |    66 ||   105

Table legend: (Time is in decaauts)
 A = Elapsed time spent in this place.
 B = Non-inter-level travel time spent in this place.
 C = Inter-level travel time spent in this place.
 D = Time resting spent in this place.
 E = Time spent auto-exploring this place.
 F = Levels seen in this place.
 G = Mean time per level.
                   A        B        C        D        E       F      G
               +--------+--------+--------+--------+--------+-----+--------+
         Total |   9815 |   9541 |    274 |   3157 |   4806 |  13 |  755.0 |
       Dungeon |   8044 |   7771 |    273 |   2463 |   4165 |  10 |  804.4 |
        Temple |      5 |      5 |      0 |      0 |      0 |   1 |    5.0 |
         Sewer |   1100 |   1100 |      0 |    430 |    484 |   1 | 1100.0 |
        Bailey |    664 |    664 |      0 |    264 |    156 |   1 |  664.0 |
               +--------+--------+--------+--------+--------+-----+--------+

Top non-repeatable levels by time:
     D:5: 1749 daAuts
     D:6: 1397 daAuts
     D:4: 1270 daAuts
   Sewer: 1100 daAuts
     D:2: 1089 daAuts
     D:1: 925 daAuts
     D:3: 735 daAuts
  Bailey: 664 daAuts
     D:7: 480 daAuts
     D:9: 302 daAuts
    D:10: 47 daAuts
     D:8: 45 daAuts
  Temple: 5 daAuts
